Map: [ESL] Gresvan

Players

Classic

  • Race: Protoss Protoss

Elazer - Winner!

  • Race: Zerg Zerg

Event: IEM Katowice 2023

VOD

Have the link to the VOD?

Description

Time

  • Played on: Feb. 8, 2023, 11:46 a.m.
  • Length: 12:43

All games in this series

Show
View Real Time Build Order
Export as new Build Order

Classic Protoss 

Build Orders: 1 Gate Expand, Oracle Opening, Archon Immortal 

Get SALT Encoding   

  12  0:00  Probe  
  13  0:14  Pylon  
  13  0:17  Probe (Chrono Boost)  
  14  0:26  Probe (Chrono Boost)  
  15  0:31  Probe (Chrono Boost)  
  16  0:40  Gateway  
  16  0:43  Probe  
  17  0:51  Assimilator  
  17  0:55  Probe  
  18  1:08  Probe  
  19  1:20  Probe  
  20  1:27  Nexus  
  20  1:32  Probe  
  21  1:39  Cybernetics Core  
  21  1:44  Probe  
  22  1:49  Assimilator  
  22  1:54  Pylon  
  22  1:56  Probe  
  23  2:12  Probe  
  23  2:13  Adept (Chrono Boost)  
  24  2:21  Stargate  
  26  2:24  Probe  
  26  2:29  Warp Gate  
  27  2:36  Probe (Chrono Boost)  
  30  2:38  Stalker  
  30  2:39  Probe (Chrono Boost)  
  31  2:47  Probe (Chrono Boost)  
  31  2:49  Probe (Chrono Boost)  
  33  2:52  Probe (Chrono Boost)  
  33  2:54  Probe (Chrono Boost)  
  35  3:03  Probe  
  35  3:04  Oracle (Chrono Boost)  
  36  3:05  Probe  
  36  3:10  Pylon  
  40  3:15  Probe  
  40  3:17  Probe  
  42  3:22  Gateway  
  42  3:27  Probe  
  42  3:30  Probe  
  42  3:32  Oracle (Chrono Boost)  
  44  3:40  Probe  
  48  3:42  Probe  
  48  3:47  Nexus  
  49  3:50  Pylon  
  51  3:59  Twilight Council  
  51  4:06  Gateway x2  
  51  4:09  Probe x2  
  51  4:16  Assimilator  
  51  4:18  Assimilator, Adept  
  51  4:19  Adept  
  51  4:23  Probe x2  
  57  4:28  Pylon, Resonating Glaives (Chrono Boost)  
  57  4:35  Probe  
  59  4:42  Adept  
  59  4:43  Adept  
  59  4:54  Probe x2  
  56  5:00  Probe  
  56  5:03  Adept  
  56  5:04  Adept x3  
  56  5:06  Probe x2  
  66  5:07  Robotics Facility  
  66  5:12  Probe  
  67  5:18  Probe x2  
  69  5:24  Probe, Adept x3  
  69  5:26  Adept  
  78  5:30  Probe x2  
  78  5:32  Pylon  
  80  5:37  Pylon  
  80  5:38  Probe  
  82  5:42  Probe  
  82  5:43  Probe  
  83  5:50  Pylon  
  83  5:53  Adept x4  
  83  5:56  Assimilator  
  91  5:57  Assimilator  
  91  6:00  Probe x2  
  87  6:14  Adept x4  
  87  6:15  Probe x3  
  90  6:18  Forge  
  90  6:21  Pylon  
  90  6:25  Gateway  
  86  6:27  Gateway  
  84  6:36  Gateway  
  84  6:38  Gateway  
  88  6:40  Pylon, Immortal (Chrono Boost)  
  80  6:53  Probe x3  
  81  6:56  Protoss Ground Weapons Level 1 (Chrono Boost)  
  81  6:57  Stalker  
  81  7:01  Blink  
  77  7:02  Templar Archives  
  77  7:03  Shield Battery  
  77  7:04  Adept x3  
  77  7:07  Pylon  
  83  7:11  Probe  
  83  7:15  Immortal (Chrono Boost)  
  88  7:22  Psionic Storm  
  88  7:29  Nexus  
  88  7:32  Pylon  
  88  7:33  Probe x2  
  88  7:34  Probe  
  91  7:40  High Templar  
  91  7:41  High Templar x3  
  99  7:45  Immortal (Chrono Boost)  
  99  7:46  Probe x3  
  106  7:51  Assimilator  
  106  7:53  Shield Battery  
  106  7:54  Stalker x2  
  110  7:58  Pylon  
  110  8:00  Probe x3  
  113  8:08  Archon  
  113  8:09  Archon  
  113  8:10  Adept, Stalker  
  113  8:12  Probe x2  
  117  8:13  Probe  
  117  8:16  Adept x3  
  111  8:20  Immortal (Chrono Boost)  
  111  8:21  High Templar x2  
  111  8:26  Probe  
  111  8:27  Probe x2  
  122  8:32  Shield Battery, Assimilator  
  122  8:42  Protoss Ground Armor Level 1 (Chrono Boost)  
  122  8:43  High Templar x2  
  122  8:44  Stalker x2  
  130  8:54  Immortal (Chrono Boost)  
  134  8:59  Stalker x2  
  134  9:02  Photon Cannon  
  134  9:04  Pylon, Stalker x2  
  138  9:11  Stalker x2  
  143  9:22  Forge  
  138  9:27  Photon Cannon  
  138  9:28  High Templar  
  138  9:29  High Templar, Shield Battery  
  142  9:37  Archon  
  119  9:45  Stalker x3  
  119  9:46  Stalker x3  
  127  9:56  Probe x4  
  130  10:03  Warp Prism  
  132  10:07  High Templar x2  
  132  10:12  Probe x2  
  132  10:13  Probe x2  
  140  10:14  Pylon  
  140  10:23  Pylon  
  140  10:31  Stalker x6  
  134  10:50  Archon x2  
  121  11:00  Stalker x8  
  92  11:33  High Templar x2  
  92  11:39  Nexus  
  96  11:40  High Templar, Zealot x5  
  108  11:59  Pylon  
  108  12:04  High Templar x2  
  108  12:06  Zealot x4  
  120  12:11  Stalker  
  112  12:24  Stalker  
  112  12:28  Stalker x4  
Show
View Real Time Build Order
Export as new Build Order

Elazer Zerg - Winner!

Build Orders: Hatch First 

Get SALT Encoding   

  12  0:00  Drone  
  13  0:12  Overlord  
  13  0:16  Drone  
  14  0:30  Drone x2  
  16  0:48  Hatchery  
  15  0:51  Drone  
  15  0:54  Drone  
  17  0:57  Drone  
  18  1:10  Extractor  
  17  1:13  Spawning Pool  
  17  1:16  Drone  
  17  1:19  Drone  
  18  1:28  Drone  
  19  1:39  Drone  
  20  1:49  Overlord  
  20  2:01  Queen x2  
  20  2:02  Drone, Zergling x2  
  26  2:11  Zergling x2  
  26  2:13  Metabolic Boost, Drone  
  28  2:22  Drone x2  
  30  2:32  Drone  
  30  2:33  Drone  
  30  2:37  Queen  
  34  2:44  Overlord  
  34  2:46  Drone  
  35  2:52  Hatchery  
  35  2:58  Queen  
  34  3:03  Drone  
  34  3:05  Overlord  
  37  3:08  Drone x2  
  39  3:13  Drone x2  
  39  3:18  Queen  
  43  3:21  Drone  
  43  3:24  Overlord  
  44  3:30  Drone  
  44  3:31  Drone  
  46  3:35  Queen  
  46  3:37  Drone  
  46  3:40  Drone x2  
  51  3:43  Overlord  
  51  3:44  Drone x2  
  53  3:48  Spore Crawler  
  53  3:50  Drone x2  
  53  3:51  Drone  
  53  3:54  Drone  
  56  3:58  Queen  
  56  4:01  Overlord  
  58  4:07  Drone x3  
  61  4:11  Drone  
  61  4:15  Drone x3  
  65  4:18  Overlord  
  65  4:20  Drone  
  66  4:27  Extractor  
  66  4:28  Zergling x10, Evolution Chamber  
  69  4:33  Zergling x2  
  68  4:42  Overlord  
  68  4:44  Drone x7  
  72  4:53  Drone x3  
  72  4:58  Drone  
  73  5:00  Lair  
  73  5:01  Drone  
  74  5:08  Drone x4  
  74  5:09  Drone  
  74  5:13  Zerg Melee Weapons Level 1  
  79  5:14  Hatchery  
  79  5:16  Drone x4  
  79  5:18  Drone  
  83  5:22  Extractor, Drone  
  83  5:23  Extractor  
  83  5:24  Overlord  
  82  5:30  Overlord, Baneling Nest  
  81  5:35  Zergling x4  
  81  5:36  Zergling x4  
  81  5:38  Zergling x6  
  81  5:40  Zergling x2  
  89  5:42  Zergling x2  
  89  5:43  Zergling x2  
  90  5:51  Zergling x8  
  90  5:57  Zergling x2  
  86  6:04  Zergling x8  
  86  6:11  Zergling x10  
  86  6:21  Zergling x6  
  81  6:28  Zergling x8  
  82  6:35  Drone x3  
  82  6:36  Drone x3  
  82  6:40  Drone x2  
  82  6:42  Drone  
  81  6:48  Drone x3  
  81  6:50  Drone x3  
  81  6:51  Drone  
  85  6:56  Extractor, Hydralisk Den, Drone  
  85  6:58  Drone  
  82  7:04  Drone x5  
  82  7:06  Centrifugal Hooks  
  82  7:07  Drone  
  88  7:08  Zerg Melee Weapons Level 2  
  88  7:10  Drone  
  88  7:15  Drone  
  90  7:22  Zergling x6  
  92  7:26  Spore Crawler  
  92  7:27  Zergling x16  
  97  7:35  Hydralisk x3, Muscular Augments  
  103  7:39  Overlord x2, Hydralisk x2  
  106  7:45  Drone x4  
  106  7:47  Drone  
  106  7:51  Overlord  
  111  7:57  Overlord  
  111  7:58  Drone x7  
  118  7:59  Overseer  
  118  8:01  Hatchery  
  118  8:02  Drone  
  118  8:03  Drone  
  119  8:10  Zergling x16  
  120  8:19  Zergling x2  
  113  8:20  Zergling x6  
  113  8:23  Hydralisk x6  
  113  8:26  Overlord  
  125  8:29  Hydralisk  
  127  8:34  Overlord  
  127  8:36  Hydralisk x4  
  127  8:39  Extractor  
  127  8:40  Drone  
  127  8:41  Hydralisk x4  
  135  8:46  Grooved Spines  
  135  8:48  Hydralisk x3  
  144  8:55  Zergling x18  
  157  9:04  Zergling x2  
  157  9:05  Zergling x4  
  157  9:06  Overlord x2  
  157  9:07  Overlord x2  
  160  9:12  Baneling x12  
  160  9:13  Baneling x7  
  160  9:16  Baneling x5  
  158  9:18  Baneling  
  158  9:21  Drone x2  
  158  9:22  Drone x7  
  166  9:27  Zergling x10  
  166  9:30  Overlord  
  171  9:32  Zergling x6  
  171  9:37  Zergling x10  
  171  9:47  Zergling x14  
  171  9:51  Zergling x14  
  179  9:55  Pneumatized Carapace, Overseer  
  179  9:57  Baneling x4  
  179  9:58  Baneling x2  
  177  10:04  Zergling x2  
  177  10:05  Zergling x18  
  184  10:07  Zerg Missile Weapons Level 1  
  184  10:13  Baneling x14  
  184  10:20  Zergling x2  
  184  10:21  Zergling x20  
  193  10:27  Baneling x14  
  192  10:37  Zergling x16  
  190  10:44  Zergling x2  
  190  10:45  Zergling x10  
  178  10:52  Hydralisk  
  178  10:53  Hydralisk x7  
  178  10:58  Zergling x12  
  169  11:05  Zergling x12  
  169  11:09  Hydralisk x3  
  163  11:16  Hydralisk x5  
  158  11:22  Zergling x6  
  150  11:29  Zergling x8  
  150  11:30  Baneling x3  
  150  11:31  Baneling x6  
  152  11:35  Zergling x2  
  154  11:40  Zergling x22  
  154  11:41  Baneling x4  
  154  11:45  Zergling x8  
  167  11:47  Baneling x5  
  167  11:48  Baneling, Hatchery  
  166  11:56  Zergling x18  
  175  12:01  Baneling  
  175  12:02  Baneling x5  
  175  12:07  Zergling x12  
  177  12:22  Zergling x20  

Tags
 
Add a new tag
Caveats
  • Supply blocks, unpowered buildings, or Contaminate may cause inaccurate times.
  • Supply counts are checked every 10 seconds.